 Dungeon Crawl Stone Soup version 0.27.1-4-g1640c2035a (webtiles) character file.

Game seed: 4530545934947388924

1565 Crownlay the Fighter (level 8, -3/132 HPs)
             Began as an Ogre Berserker on Nov 5, 2021.
             Was a Priest of Trog.
             Slain by a water moccasin (4 damage)
             ... on level 6 of the Dungeon.
             The game lasted 00:07:14 (7469 turns).

Crownlay the Fighter (Ogre Berserker)               Turns: 7469, Time: 00:07:15

Health: -3/132     AC:  4    Str: 24    XL:     8   Next: 89%
Magic:  8/8        EV: 10    Int:  8    God:    Trog [***...]
Gold:   186        SH:  0    Dex:  8    Spells: 7/7 levels left

rFire    . . .     SeeInvis .   s - +0 giant spiked club
rCold    . . .     Faith    .   (shield currently unavailable)
rNeg     . . .     Spirit   .   b - +0 animal skin
rPois    .         Reflect  .   (helmet restricted)
rElec    .         Harm     .   j - +0 cloak
rCorr    .         Rampage  .   (gloves unavailable)
Will     .....                  (boots unavailable)
Stlth    ..........             (no amulet)
HPRegen  0.32/turn              (no ring)
MPRegen  0.11/turn              (no ring)

@: berserking, lethally poisoned (-3 -> -5), very quick
A: large, unfitting armour, tough skin 1
a: Renounce Religion, Berserk, Trog's Hand


You were on level 6 of the Dungeon.
You worshipped Trog.
Trog was most pleased with you.
You visited 1 branch of the dungeon, and saw 6 of its levels.
You also visited: Sewer.

You collected 186 gold pieces.

Inventory:

Hand Weapons
 s - a +0 giant spiked club (weapon)
Missiles
 a - 6 atropa-tipped darts (quivered)
Armour
 b - a +0 animal skin (worn)
 j - a +0 cloak (worn)
Scrolls
 c - a scroll of noise {unknown}
 d - 2 scrolls of magic mapping
 f - a scroll of fog {unknown}
 i - a scroll of identify {unknown}
 m - a scroll of brand weapon {unknown}
 n - 2 scrolls of enchant weapon {unknown}
 o - 2 scrolls of enchant armour {unknown}
 p - 2 scrolls of teleportation {unknown}
 q - a scroll of vulnerability {unknown}
 r - a scroll of amnesia {unknown}
Potions
 e - a potion of magic {unknown}
 g - 3 potions of degeneration {unknown}
 h - 2 potions of haste
 k - 3 potions of heal wounds {unknown}
 l - 2 potions of curing {unknown}
 t - a potion of attraction {unknown}


   Skills:
 + Level 8.2 Fighting
 * Level 7.6 Maces & Flails
 - Level 5.0 Throwing
 - Level 2.6 Dodging


You had 7 spell levels left.
You didn't know any spells.
Your spell library was empty.

Dungeon Overview and Level Annotations

Branches:
Dungeon (6/15)             Temple (0/1) D:5           Sewer (visited)

Altars:
Elyvilon
Qazlal
Trog


Innate Abilities, Weirdness & Mutations

You are too large for most types of armour.
You have tough skin. (AC +1)


Message History

You barely miss the water moccasin.
The water moccasin is almost dead.
You feel the effects of Trog's Hand fading.
You feel extremely sick.
The water moccasin bites you but does no damage.
The water moccasin completely misses you.
You closely miss the water moccasin.
The water moccasin is almost dead.
You feel very sick. The water moccasin closely misses you.
The water moccasin bites you.
* * * LOW HITPOINT WARNING * * *
You miss the water moccasin.
The water moccasin is almost dead.
You feel very sick. The water moccasin bites you.
* * * LOW HITPOINT WARNING * * *
The water moccasin closely misses you.
A red film seems to cover your vision as you go berserk!
You feel yourself moving faster!
You feel mighty!
Your skin stops crawling.
You feel less strong-willed.
You feel sick.
The water moccasin bites you but does no damage.
The water moccasin completely misses you.
You barely miss the water moccasin.
The water moccasin is almost dead.
You feel sick. The water moccasin barely misses you.
You miss the water moccasin.
The water moccasin is almost dead.
You feel sick. The water moccasin bites you.
* * * LOW HITPOINT WARNING * * *
You closely miss the water moccasin.
The water moccasin is almost dead.
You feel sick. The water moccasin bites you.
* * * LOW HITPOINT WARNING * * *
The water moccasin bites you but does no damage.
You barely miss the water moccasin.
The water moccasin is almost dead.
* * * LOW HITPOINT WARNING * * *
You feel sick. The water moccasin bites you.
You die...

#########.. # #
#.......... #.#.
#.........
#.#.####.......#
..............#
#.#.#.##.....).#
#..............+..
#.###.##..........
#@####)#+#.#..
#...S.# #.#.#.#
#.....# #.#.#.#
........+ #.#.#.#
........#
#.#.#.####
...##+#.#
#........# ... #.#
##.......# .. #.#
#.......#
#.......#


You could see a water moccasin.

Vanquished Creatures
  Grinder (D:3)
  Eustachio (D:4)
  A black bear (D:3)
  A necrophage (D:4)
  An ogre (D:4)
  A centaur (D:6)
  2 phantoms
  Blork the orc (D:4)
  A bullfrog zombie (D:5)
  4 hounds
  2 orc priests (D:4)
  2 centaur skeletons (D:4)
  4 jellies
  Terence (D:2)
  A hound zombie (D:5)
  7 adders
  5 river rats (Sewer)
  4 ufetubi
  An adder skeleton (D:4)
  A dart slug (D:5)
  6 orcs
  18 ball pythons
  11 endoplasms
  3 giant cockroaches
  12 goblins
  6 hobgoblins
  7 jackals
  15 kobolds
  5 quokkas
  5 bats
  9 frilled lizards
  4 rats
143 creatures vanquished.

Notes
Turn   | Place    | Note
-------+----------+-------------------------------------------
     0 | D:1      | Crownlay the Ogre Berserker began the quest for the Orb.
     0 | D:1      | Reached XP level 1. HP: 24/24 MP: 1/1
   359 | D:1      | Reached XP level 2. HP: 32/32 MP: 2/2
   730 | D:1      | Reached skill level 1 in Throwing
   796 | D:1      | Found a faded altar of an unknown god.
   805 | D:1      | Reached XP level 3. HP: 40/40 MP: 3/3
   811 | D:1      | Reached ** piety under Trog
  1433 | D:2      | Noticed Terence
  1444 | D:2      | Killed Terence
  1445 | D:2      | Reached XP level 4. HP: 49/49 MP: 4/4
  2618 | D:3      | Noticed a black bear
  2633 | D:3      | Killed a black bear
  2634 | D:3      | Reached skill level 5 in Fighting
  2634 | D:3      | Reached XP level 5. HP: 54/57 MP: 5/5
  2685 | D:3      | Noticed a phantom
  2701 | D:3      | Killed a phantom
  2702 | D:3      | Reached XP level 6. HP: 66/66 MP: 6/6
  3212 | D:3      | Noticed Grinder
  3519 | D:3      | Paralysed by Grinder for 3 turns
  3531 | D:3      | Killed Grinder
  3532 | D:3      | Reached skill level 6 in Fighting
  3532 | D:3      | Reached skill level 5 in Maces & Flails
  3532 | D:3      | Reached XP level 7. HP: 75/75 MP: 7/7
  3958 | D:4      | Found a glowing drain.
  3965 | Sewer    | Entered a sewer
  4474 | Sewer    | Reached *** piety under Trog
  5431 | D:4      | Noticed an air elemental
  5433 | D:4      | Found a stormy altar of Qazlal.
  5435 | D:4      | Noticed a water elemental
  5435 | D:4      | Noticed a fire elemental
  5561 | D:4      | Noticed Eustachio
  5603 | D:4      | Found a white marble altar of Elyvilon.
  5619 | D:4      | Killed Eustachio
  5620 | D:4      | Reached skill level 7 in Fighting
  5620 | D:4      | Reached XP level 8. HP: 77/87 MP: 8/8
  5707 | D:4      | Found a bloodstained altar of Trog.
  5707 | D:4      | Noticed Blork the orc
  5714 | D:4      | Killed Blork the orc
  6048 | D:5      | Entered Level 5 of the Dungeon
  6295 | D:5      | Found a staircase to the Ecumenical Temple.
  6496 | D:5      | Reached skill level 5 in Throwing
  7417 | D:6      | Reached skill level 8 in Fighting
  7467 | D:6      | HP: 4/132 [water moccasin (5)]
  7469 | D:6      | HP: 1/132 [poisoned by a water moccasin]
  7469 | D:6      | Slain by a water moccasin

Illustrated notes

Levels and vault maps discovered:
D:1:      scummos_arrival_simple_crosswalls, layout_rooms,
          shapermc_ecumenical_altar_venn
D:2:      layout_basic, uniq_terence
D:3:      layout_basic, serial_rivers, chequers_serial_rivers_micro_c,
          chequers_serial_rivers_micro_e, chequers_serial_rivers_marsh,
          chequers_serial_rivers_micro_d, chequers_serial_rivers_large_a,
          chequers_serial_rivers_small_a, uniq_grinder
D:4:      layout_basic, marbit_many_paths, trog_butcher_becter,
          nicolae_qazlal_style_of_elements, gup_sewer_entry_bowl,
          uniq_eustachio, uniq_blork_the_orc
D:5:      layout_cave_pods, minmay_temple_entry_overgrown, st_stairs_8
D:6:      layout_basic, nicolae_overflow_hidden_temple,
          nicolae_dithmenos_through_a_glass_darkly, minmay_increasing_density

Skill      XL: |  1  2  3  4  5  6  7  8 |
---------------+-------------------------+-----
Maces & Flails | 3 4 5 6 7 |  7.6
Throwing       | 1 2 3 4 5 |  5.0
Fighting       | 5 6 7 8 |  8.2
Dodging        | |  2.6

Action                   |  1- 3 |  4- 6 |  7- 9 || total
-------------------------+-------+-------+-------++-------
Melee: Mace              |    84 |   119 |   239 ||   442
       Unarmed           |       |       |     9 ||     9
       Giant spiked club |       |       |    83 ||    83
Throw: Dart              |       |       |     1 ||     1
Invok: Berserk           |     2 |     3 |     5 ||    10
       Trog's Hand       |     1 |     2 |     7 ||    10
  Use: Scroll            |       |       |     1 ||     1
 Stab: Sleeping          |       |     1 |     1 ||     2
Armor: Animal skin       |    33 |    49 |   133 ||   215
       Skin              |       |       |    45 ||    45
Dodge: Dodged            |    33 |    69 |   246 ||   348
